 Dungeon Crawl Stone Soup version 0.31-a0-1165-g196b491b36 (webtiles) character file.

Game seed: 13502251164863394345

315 Pooter the Shooter (level 6, -10/53 HPs)
             Began as a Minotaur Hunter on Dec 9, 2023.
             Killed by divine providence
             ... invoked by an orc priest
              (13 damage)
             ... on level 3 of the Dungeon.
             The game lasted 00:13:39 (2618 turns).

Pooter the Shooter (Minotaur Hunter)                Turns: 2618, Time: 00:13:39

Health: -10/53     AC: 12    Str: 17    XL:     6   Next: 20%
Magic:  5/5        EV:  8    Int:  6    God:
Gold:   93         SH:  0    Dex: 14    Spells: 4/5 levels left

rFire   . . .        a - +0 flail
rCold   . . .        (no shield)
rNeg    . . .        p - +0 chain mail
rPois   .            (helmet restricted)
rElec   .            (no cloak)
rCorr   +            (no gloves)
SInv    .            (no boots)
Will    .....        (no amulet) Stlth
                     l - +4 ring of protection
HPRegen 0.28/turn    C - ring of resist corrosion
MPRegen 0.09/turn

%: no passive effects
@: no status effects
A: horns 2, retaliatory headbutt
a: no special abilities


You were on level 3 of the Dungeon.
You visited 1 branch of the dungeon, and saw 3 of its levels.

You collected 93 gold pieces.

Inventory:

Hand Weapons
 a - a +0 flail (weapon)
   (You took it off a gnoll on level 1 of the Dungeon)
 b - a +0 shortbow
 m - a +1 dagger of venom
   (You took it off a goblin on level 1 of the Dungeon)
Missiles
 c - 3 javelins (quivered)
 Q - 22 stones
Armour
 p - a +0 chain mail (worn)
   (You found it on level 2 of the Dungeon)
Jewellery
 j - a +6 ring of intelligence
   (You found it on level 1 of the Dungeon)
 l - a +4 ring of protection (left hand)
   (You found it on level 1 of the Dungeon)
 C - a ring of resist corrosion (right hand)
   (You found it on level 2 of the Dungeon)
 W - a ring of wizardry
   (You found it on level 2 of the Dungeon)
Wands
 f - a wand of flame (15)
   (You took it off a kobold on level 3 of the Dungeon)
Scrolls
 h - a scroll of noise {!r}
 i - a scroll of vulnerability {unknown}
 o - a scroll of fear
Potions
 d - a potion of mutation {!q}
 e - a potion of cancellation
 g - a potion of magic
 k - 3 potions of attraction {!q}
 n - a potion of curing {unknown}


   Skills:
 + Level 4.6 Fighting
 + Level 2.7 Maces & Flails
 * Level 6.8 Ranged Weapons
 - Level 2.1 Dodging
 - Level 0.7 Stealth


You had 4 spell levels left.
You knew the following spells:

 Your Spells              Type           Power      Damage    Failure   Level
a - Freeze                Ice            0%         1d3       99%         1

Your spell library contained the following spells:

 Spells                   Type           Power      Damage    Failure   Level
 Dazzling Flash           Conj/Hex       0%         N/A       100%        3
 Frozen Ramparts          Ice            0%         1d1       100%        3
 Hailstorm                Conj/Ice       0%         3d5       100%        3
 Ozocubu's Armour         Ice            0%         N/A       100%        3
 Volatile Blastmotes      Fire/Tloc      0%         2d10      100%        3
 Starburst                Conj/Fire      0%         6d3       100%        6
 Ozocubu's Refrigeration  Ice            0%         4d7       100%        7
 Maxwell's Capacitive Co  Air            0%         ∞         100%        8


Dungeon Overview and Level Annotations

Branches:
Dungeon (3/15) Zot: 15361

Altars:
Vehumet

Annotations:
D:2 1 runed translucent door, Crazy Yiuf


Innate Abilities, Weirdness & Mutations

You have a pair of horns on your head.
You reflexively headbutt those who attack you in melee.


Message History

The orc priest looks satisfied for a moment.
You see here an adder corpse.
Okay, then.
Okay, then.
You shoot an arrow.
The arrow hits the orc but does no damage.
You shoot an arrow. The arrow hits the orc.
You shoot an arrow. The arrow hits the orc.
The orc hits you but does no damage. The orc closely misses you.
a - a +0 flail (weapon)
You hit the orc.
You kill the orc!
An orc comes into view. It is wielding a +0 club.
b - a +0 shortbow (weapon)
The orc shouts!
An orc comes into view. It is wielding a +0 flail.
The orc priest invokes the aid of Beogh against you.
Beogh smites you!
You shoot an arrow. The arrow hits the orc.
You shoot an arrow. The arrow hits the orc!
You kill the orc!
The orc hits you but does no damage.
The orc priest invokes the aid of Beogh against you.
Beogh smites you!
* * * LOW HITPOINT WARNING * * *
a - a +0 flail (weapon)
You are too injured to fight recklessly!
You are too injured to fight recklessly!
You closely miss the orc. The orc hits you with a +0 flail!
* * * LOW HITPOINT WARNING * * *
You thump the orc!
You kill the orc!
The orc priest mumbles some strange prayers to Beogh against you.
Beogh smites you!
* * * LOW HITPOINT WARNING * * *
The orc priest hits you with a +0 flail.
* * * LOW HITPOINT WARNING * * *
You closely miss the orc priest. Your headbutt misses the orc priest.
The orc priest begins to cast a cantrip, but forgets the words!
You closely miss the orc priest. Your headbutt misses the orc priest.
The orc priest hits you with a +0 flail.
* * * LOW HITPOINT WARNING * * *
You hit the orc priest. The orc priest closely misses you.
You closely miss the orc priest.
The orc priest miscasts a cantrip.
The orc priest hits you but does no damage.
You barely miss the orc priest.
The orc priest calls down the wrath of Beogh upon you.
Beogh smites you!
You die...

#######.# . #.# ##† #.# ... # #.#
..# o ## #.# #.# o. .## #>##
####.# ... ..## #..## ####.##.#
....
...####...#########o......##.....
...+.......)....@ooo.......'o....
...####...#########o#...#.##o....
..## ##.......# #.##....# ....
.## #..####.# #.###.#.# ... ##
#### ### ### #.#.# .. # #.#.# +
#...# ..### #


You could see 2 orc priests and 3 orcs.

Vanquished Creatures
  Sigmund (D:2)
  7 adders
  4 gnolls
  A worm (D:2)
  A dart slug (D:1)
  5 orcs (D:3)
  4 ball pythons
  A bat zombie (D:3)
  An endoplasm (D:2)
  3 giant cockroaches
  4 hobgoblins
  4 quokkas
  5 bats (D:1)
  6 frilled lizards
  7 goblins
  3 kobolds
  3 rats
60 creatures vanquished.

Notes
Turn   | Place    | Note
-------+----------+-------------------------------------------
     0 | D:1      | Pooter the Minotaur Hunter began the quest for the Orb.
     0 | D:1      | Reached XP level 1. HP: 18/18 MP: 0/0
   358 | D:1      | Reached XP level 2. HP: 25/25 MP: 1/1
   632 | D:1      | Reached skill level 5 in Ranged Weapons
   761 | D:2      | Reached XP level 3. HP: 31/31 MP: 2/2
   990 | D:2      | Reached XP level 4. HP: 31/39 MP: 3/3
  1055 | D:2      | Noticed Sigmund
  1256 | D:2      | Killed Sigmund
  1257 | D:2      | Reached skill level 6 in Ranged Weapons
  1257 | D:2      | Reached XP level 5. HP: 20/47 MP: 4/4
  1393 | D:2      | Found a runed translucent door.
  1394 | D:2      | Noticed Crazy Yiuf
  1532 | D:2      | Learned a level 1 spell: Freeze
  1738 | D:2      | Reached XP level 6. HP: 53/53 MP: 5/5
  2128 | D:3      | Found a radiant altar of Vehumet.
  2615 | D:3      | HP: 2/53 [orc priest/+0 flail (2)]
  2618 | D:3      | Killed from afar by an orc priest

Illustrated notes

Levels and vault maps discovered:
D:1:      matt_arrival_grand_opening, layout_basic
D:2:      layout_basic, uniq_crazy_yiuf_cottage, uniq_sigmund
D:3:      layout_loops_corners, lemuel_zombie_altar_kikubaaqudgha,
          vehumet_altar_wand_db

Skill      XL: |  1  2  3  4 |
---------------+-------------+-----
Fighting       | 3 4 |  4.6
Ranged Weapons | 5 6 |  6.8
Maces & Flails | 2 |  2.7
Dodging        | |  2.1
Stealth        | |  0.7

Action                     |  1- 3 |  4- 6 || total
---------------------------+-------+-------++-------
  Melee: Dagger            |    31 |       ||    31
         Unarmed           |     4 |       ||     4
         Headbutt          |     4 |     8 ||    12
         Flail             |     2 |    80 ||    82
         Punch             |       |     2 ||     2
   Fire: Shortbow          |    40 |    54 ||    94
    Use: Scroll            |       |     7 ||     7
 Armour: Leather armour    |    34 |    16 ||    50
         Chain mail        |       |    57 ||    57
  Dodge: Dodged            |    44 |    38 ||    82

Table legend: (Time is in decaauts)
 A = Elapsed time spent in this place.
 B = Non-inter-level travel time spent in this place.
 C = Inter-level travel time spent in this place.
 D = Time resting spent in this place.
 E = Time spent auto-exploring this place.
 F = Levels seen in this place.
 G = Mean time per level.
                   A        B        C        D        E       F      G
               +--------+--------+--------+--------+--------+-----+--------+
         Total |   2637 |   2569 |     68 |    630 |   1306 |   3 |  879.0 |
       Dungeon |   2637 |   2569 |     68 |    630 |   1306 |   3 |  879.0 |
               +--------+--------+--------+--------+--------+-----+--------+

Top non-repeatable levels by time:
     D:2: 1098 daAuts
     D:1: 1024 daAuts
     D:3: 514 daAuts
